 Dungeon Crawl Stone Soup version 0.29-a0-670-g5ff2a30383 (webtiles) character file.

Game seed: 5917322307613170748

5026 jerry1 the Fighter (level 10, 0/83 HPs)
             Began as a Demonspawn Fighter on June 24, 2022.
             Was a Priest of Makhleb.
             Killed by divine providence
             ... invoked by an orc priest
              (16 damage)
             ... on level 9 of the Dungeon.
             The game lasted 00:18:58 (9163 turns).

jerry1 the Fighter (Demonspawn Fighter)             Turns: 9163, Time: 00:19:00

Health: 0/83       AC: 12    Str: 21    XL:     10   Next: 30%
Magic:  10/10      EV: 20    Int:  9    God:    Makhleb [***...]
Gold:   480        SH:  5    Dex: 13    Spells: 9/9 levels left

rFire   . . .      SeeInvis .   I - +3 hand axe (venom)
rCold   . . .      Faith    .   c - +0 buckler
rNeg    . . .      Spirit   .   b - +0 scale mail
rPois   .          Reflect  .   (helmet restricted)
rElec   .          Harm     .   r - +0 cloak
rCorr   .          Rampage  .   h - +0 pair of gloves
Will    .....                   o - +1 pair of boots
Stlth   ..........              (no amulet)
HPRegen 1.23/turn               g - +4 ring of evasion
MPRegen 0.12/turn               p - +4 ring of evasion

@: no status effects
A: claws 1, horns 2, powered by death 1, weakness stinger 2
a: Renounce Religion, Minor Destruction, Lesser Servant of Makhleb


You were on level 9 of the Dungeon.
You worshipped Makhleb.
Makhleb was most pleased with you.
You visited 2 branches of the dungeon, and saw 10 of its levels.
You also visited: Ossuary.

You collected 480 gold pieces.

Inventory:

Hand Weapons
 I - a +3 hand axe of venom (weapon)
Missiles
 M - a throwing net (quivered)
Armour
 b - a +0 scale mail (worn)
 c - a +0 buckler (worn)
 h - a +0 pair of gloves (worn)
 o - a +1 pair of boots (worn)
 r - a +0 cloak (worn)
 D - a +0 helmet
Jewellery
 g - a +4 ring of evasion (left hand)
 p - a +4 ring of evasion (right hand)
 s - a ring of ice
 t - a ring of fire
 w - a ring of wizardry
 x - a ring of flight
 y - an amulet of guardian spirit
 E - an amulet of regeneration
 O - an amulet of magic regeneration
Wands
 n - a wand of digging (12)
 G - a wand of polymorph (4)
 H - a wand of flame (14)
 L - a wand of iceblast (4)
Scrolls
 a - a scroll of silence {unknown}
 i - 2 scrolls of summoning
 j - 2 scrolls of enchant weapon {unknown}
 q - 5 scrolls of teleportation
 v - 2 scrolls of magic mapping {unknown}
 A - a scroll of fog
 B - a scroll of blinking {unknown}
 F - 2 scrolls of enchant armour {unknown}
 J - a scroll of poison {unknown}
 K - 5 scrolls of identify
Potions
 d - 3 potions of might
 e - 3 potions of curing {unknown}
 f - 3 potions of brilliance {unknown}
 k - 7 potions of heal wounds {unknown}
 l - 3 potions of haste {unknown}
 m - 2 potions of mutation {unknown}
 u - 2 potions of magic {unknown}
 z - a potion of cancellation {unknown}
 C - 2 potions of resistance {unknown}
 N - 2 potions of flight {unknown}


   Skills:
 + Level 9.6 Fighting
 - Level 6.0 Axes
 - Level 6.0 Armour
 - Level 6.0 Dodging
 - Level 6.0 Shields


You had 9 spell levels left.
You didn't know any spells.
Your spell library contained the following spells:

 Spells                   Type           Power      Damage    Failure   Level
 Magic Dart               Conj           0%         1d3       78%         1
 Call Imp                 Summ           0%         N/A       89%         2
 Ensorcelled Hibernation  Hex/Ice        0%         N/A       89%         2
 Gell's Gravitas          Tloc           0%         N/A       98%         3
 Lesser Beckoning         Tloc           0%         N/A       98%         3
 Mephitic Cloud           Conj/Pois/Air  0%         N/A       98%         3
 Spider Form              Tmut/Pois      0%         N/A       98%         3
 Teleport Other           Tloc           0%         N/A       98%         3
 Anguish                  Hex/Necr       0%         N/A       100%        4
 Summon Lightning Spire   Summ/Air       0%         N/A       100%        4
 Fireball                 Conj/Fire      0%         3d3       100%        5
 Starburst                Conj/Fire      0%         6d3       100%        6
 Enfeeble                 Hex            0%         N/A       100%        7
 Storm Form               Tmut/Air       0%         N/A       100%        7
 Ignition                 Fire           0%         3d3       100%        8
 Maxwell's Capacitive Co  Air            0%         ∞         100%        8


Dungeon Overview and Level Annotations

Branches:
Dungeon (9/15)             Temple (1/1) D:4         Ossuary (visited)
   Lair: D:8-11         Orc: D:9-12

Altars:
Ashenzari
Cheibriados
Dithmenos
Elyvilon
Fedhas
Gozag
Hepliaklqana
Kikubaaqudgha
Makhleb
Nemelex Xobeh
Okawaru
Qazlal
Ru
Sif Muna
Trog
Uskayaw
Vehumet
Wu Jian
Xom
Yredelemnul
Zin
The Shining One

Annotations:
D:8 3 runed translucent doors, Armakuni's ghost, novice DEWn; LetschGu's ghost, journeyman DjWr; Nedwor's ghost, novice HuFi


Innate Abilities, Weirdness & Mutations

You have sharp fingernails.
You have a pair of horns on your head.
You regenerate a little health from kills.
You have a tail ending in a sharp stinger.


Message History

The steam dragon is moderately wounded.
You are engulfed in a cloud of scalding steam.
The steam dragon completely misses you. The steam dragon barely misses you.
You closely miss the steam dragon.
The steam dragon is heavily wounded.
The steam dragon completely misses you. The steam dragon barely misses you.
The orc is engulfed in a cloud of scalding steam.
You barely miss the steam dragon. Your headbutt misses the steam dragon.
The steam dragon is severely wounded.
The steam dragon breathes steam at you. The ball of steam misses you.
The ball of steam hits the orc!
The orc dies!
You hit the steam dragon.
You kill the steam dragon!
Makhleb accepts your kill.
You hit the bullfrog.
The bullfrog is poisoned.
You are engulfed in a cloud of scalding steam.
The bullfrog is engulfed in a cloud of scalding steam.
You block the bullfrog's attack.
You hit the orc.
The orc is moderately wounded.
You hit the bullfrog.
You kill the bullfrog!
Makhleb accepts your kill.
You feel better.
You are engulfed in a cloud of scalding steam.
You hit the orc but do no damage.
The orc is poisoned.
You tail-slap the orc.
You kill the orc!
Makhleb accepts your kill.
You feel better.
You are engulfed in a cloud of scalding steam.
* * * LOW HITPOINT WARNING * * *
You hit the orc priest.
The orc priest is poisoned.
You headbutt the orc priest.
The orc priest is heavily wounded.
You are engulfed in a cloud of scalding steam.
* * * LOW HITPOINT WARNING * * *
The orc priest mumbles some strange prayers to Beogh against you.
Beogh smites you!
You die...

#'##........############
.......................#
.......................#
.......................#
.......................#
.......................#
................oo.....######
.....#####.....#o###.........
.....# #.....#@).#.........
.....# +.....#†..#o........
.....# ...#)..#.§§......
.....# ...+...#§o§§.....
.......#§o§§.....
..P...##§§§§.....
.P.PP.o§#§#######
P.P.P...§.o......
.P..P............


You could see an orc priest (very poisoned) and 3 orcs.

Vanquished Creatures
  A shadow (D:8)
  A wraith (D:7)
  4 steam dragons
  Menkaure (D:4)
  4 water moccasins
  4 orc warriors
  4 black bears
  2 centaurs
  An ogre (D:4)
  A gnoll sergeant (D:7)
  3 bullfrogs
  2 necrophages
  A scorpion (D:5)
  8 wights
  4 howler monkeys
  2 centaur zombies (Ossuary)
  2 jellies (D:5)
  6 orc priests
  2 hounds
  2 gnoll shamans (D:7)
  Jessica (D:3)
  6 iguanas
  Terence (D:3)
  Natasha (thrice) (D:3)
  2 orc wizards (D:8)
  6 mummies (Ossuary)
  Robin (D:4)
  18 gnolls
  7 adders
  4 white imps (D:7)
  2 ufetubi
  A worm (D:2)
  2 dart slugs
  9 orcs
  9 endoplasms
  6 giant cockroaches
  13 goblins
  2 hobgoblins
  9 jackals
  4 ball pythons
  2 bats
  7 frilled lizards
  5 hobgoblin zombies (Ossuary)
  3 kobolds
  5 rats
183 creatures vanquished.

Vanquished Creatures (others)
  A two-headed ogre (D:8)
  An orc warrior (D:9)
  An orc (D:9)
  4 fungi (D:9)
  11 plants
  4 withered plants (D:8)
22 creatures vanquished.

Grand Total: 205 creatures vanquished

Notes
Turn   | Place    | Note
-------+----------+-------------------------------------------
     0 | D:1      | jerry1 the Demonspawn Fighter began the quest for the Orb.
     0 | D:1      | Reached XP level 1. HP: 18/18 MP: 1/1
    19 | D:1      | Found a faded altar of an unknown god.
   229 | D:1      | Gained mutation: You regenerate a little health from kills.
                  | [demonic ancestry]
   229 | D:1      | Reached XP level 2. HP: 20/24 MP: 2/2
   250 | D:1      | You fall into a shaft and drop 1 floor!
   433 | D:2      | Reached XP level 3. HP: 18/29 MP: 3/3
  1460 | D:1      | Discovered your monstrous ancestry.
  1460 | D:1      | Gained mutation: You have a small tail. [demonic ancestry]
  1460 | D:1      | Reached XP level 4. HP: 37/37 MP: 4/4
  1769 | D:3      | Noticed Terence
  1786 | D:3      | Killed Terence
  1787 | D:3      | Reached skill level 4 in Fighting
  1960 | D:3      | Noticed Natasha
  1967 | D:3      | Killed Natasha
  2039 | D:3      | Noticed Jessica
  2047 | D:3      | Killed Jessica
  2048 | D:3      | Gained mutation: You have sharp fingernails. [demonic
                  | ancestry]
  2048 | D:3      | Reached XP level 5. HP: 30/43 MP: 5/5
  2241 | D:3      | Found a hazy altar of Hepliaklqana.
  2458 | D:3      | Noticed Natasha
  2463 | D:3      | Killed Natasha
  2532 | D:3      | Noticed Natasha
  2545 | D:3      | Killed Natasha
  2901 | D:4      | Reached skill level 1 in Dodging
  2901 | D:4      | Reached XP level 6. HP: 44/49 MP: 6/6
  3183 | D:4      | Found a staircase to the Ecumenical Temple.
  3239 | Temple   | Entered the Ecumenical Temple
  3583 | Temple   | Became a worshipper of Makhleb the Destroyer
  3602 | D:4      | Noticed Robin
  3618 | D:4      | Killed Robin
  3981 | D:4      | Reached skill level 5 in Fighting
  4143 | D:4      | Noticed Menkaure
  4153 | D:4      | Killed Menkaure
  4154 | D:4      | Reached XP level 7. HP: 52/56 MP: 7/7
  4388 | D:5      | Entered Level 5 of the Dungeon
  4677 | D:5      | Reached * piety under Makhleb
  5459 | D:5      | Found a snail-covered altar of Cheibriados.
  5872 | D:5      | Gained mutation: You have a pair of small horns on your
                  | head. [demonic ancestry]
  5872 | D:5      | Reached XP level 8. HP: 61/64 MP: 8/8
  6383 | D:6      | Reached skill level 5 in Axes
  6396 | D:6      | Reached skill level 6 in Fighting
  6545 | D:6      | Found a sand-covered staircase.
  6596 | Ossuary  | Entered an ossuary
  7085 | D:7      | Reached skill level 5 in Armour
  7085 | D:7      | Reached skill level 5 in Shields
  7099 | D:7      | Reached ** piety under Makhleb
  7287 | D:7      | Gained mutation: You have a pair of horns on your head.
                  | [demonic ancestry]
  7287 | D:7      | Reached XP level 9. HP: 68/71 MP: 9/9
  7658 | D:7      | Reached *** piety under Makhleb
  8025 | D:8      | Noticed a two-headed ogre
  8037 | D:8      | Killed a two-headed ogre
  8038 | D:8      | Reached skill level 7 in Fighting
  8038 | D:8      | Reached skill level 5 in Dodging
  8300 | D:8      | Reached skill level 8 in Fighting
  8305 | D:8      | Gained mutation: You have a tail ending in a sharp stinger.
                  | [demonic ancestry]
  8305 | D:8      | Reached XP level 10. HP: 65/80 MP: 10/10
  8770 | D:8      | Reached skill level 9 in Fighting
  8812 | D:8      | Identified the +6 quarterstaff "Dairu" {protect, rPois
                  | Dex+4 Stlth+}
  8815 | D:8      | Found a runed translucent gate.
  8816 | D:8      | Found a runed translucent gate.
  8818 | D:8      | Found a runed translucent gate.
  8819 | D:8      | Noticed LetschGu's ghost (journeyman DjWr)
  8820 | D:8      | Noticed Nedwor's ghost (novice HuFi)
  8820 | D:8      | Noticed Armakuni's ghost (novice DEWn)
  9163 | D:9      | Killed from afar by an orc priest

Illustrated notes

Levels and vault maps discovered:
D:1:      lightli_arrival_maybe_door_vault, layout_rooms,
          basic_ecumenical_altar, minmay_misc_feat_enclosed,
          minmay_split_cup_small
D:2:      cheibrodos_old_hovel, layout_basic
D:3:      layout_basic, nzn_hepliaklqana_mist_gate, uniq_natasha, uniq_jessica,
          uniq_terence
D:4:      layout_cave_pods, minmay_temple_entry_statues_fountains,
          uniq_menkaure, uniq_robin
D:5:      layout_layer_cave, mainiacjoe_overflow_large_starburst
D:6:      layout_basic, nicolae_ossuary_entry_monument, grunt_decor_cap
D:7:      layout_gridville, nicolae_concentric_dashed_squares_mild
D:8:      layout_cave_pools, gammafunk_ghost_cemetery, grunt_decor_arrowhead,
          hangedman_minor_gate_pass
D:9:      layout_gridville, grunt_lair_entry_orc_guard_hut, david_orc_5,
          special_room [special_room_orc], lightli_wizard_tower
Temple:   compressed_dpeg_triangle_lava_temple

Skill      XL: |  1  2  3  4  5  6  7  8  9 10 |
---------------+-------------------------------+-----
Axes           | 2 3 4 5 6 |  6.0
Shields        | 3 4 5 6 |  6.0
Armour         | 3 4 5 6 |  6.0
Fighting       | 4 5 6 8 9 |  9.6
Dodging        | 1 2 4 6 |  6.0

Action                   |  1- 3 |  4- 6 |  7- 9 | 10-12 || total
-------------------------+-------+-------+-------+-------++-------
Melee: War axe           |     9 |       |       |       ||     9
       Hand axe          |    88 |   151 |   273 |    69 ||   581
       Tailslap          |       |    20 |    42 |    12 ||    74
       Headbutt          |       |       |    50 |    23 ||    73
  Use: Scroll            |       |       |     4 |     1 ||     5
Armor: Scale mail        |    49 |    56 |    65 |    17 ||   187
Dodge: Dodged            |    57 |   125 |   253 |    59 ||   494
Block: Buckler           |    22 |    27 |    75 |    15 ||   139

Table legend: (Time is in decaauts)
 A = Elapsed time spent in this place.
 B = Non-inter-level travel time spent in this place.
 C = Inter-level travel time spent in this place.
 D = Time resting spent in this place.
 E = Time spent auto-exploring this place.
 F = Levels seen in this place.
 G = Mean time per level.
                   A        B        C        D        E       F      G
               +--------+--------+--------+--------+--------+-----+--------+
         Total |   9252 |   8797 |    455 |    627 |   6646 |  11 |  841.1 |
       Dungeon |   8634 |   8204 |    430 |    500 |   6333 |   9 |  959.3 |
        Temple |    354 |    329 |     25 |      0 |    311 |   1 |  354.0 |
       Ossuary |    263 |    263 |      0 |    127 |      2 |   1 |  263.0 |
               +--------+--------+--------+--------+--------+-----+--------+

Top non-repeatable levels by time:
     D:5: 1754 daAuts
     D:3: 1288 daAuts
     D:4: 1152 daAuts
     D:2: 1121 daAuts
     D:8: 1066 daAuts
     D:7: 964 daAuts
     D:6: 680 daAuts
     D:1: 530 daAuts
  Temple: 354 daAuts
 Ossuary: 263 daAuts
     D:9: 75 daAuts
